 Dungeon Crawl Stone Soup version 0.17-a0-1899-ge84b1df (webtiles) character file.

74 Japsu the Shooter (level 4, -5/28 HPs)
             Began as a High Elf Arcane Marksman on Sept 24, 2015.
             Slain by a gnoll
             ... wielding a +0 spear
              (7 damage)
             ... on level 2 of the Dungeon.
             The game lasted 00:40:08 (2452 turns).

Japsu the Shooter (High Elf Arcane Marksman)        Turns: 2452, Time: 00:40:08

Health: -5/28      AC:  2    Str: 10    XL:     4   Next: 10%
Magic:  3/7        EV: 13    Int: 17    God:
Gold:   75         SH:  0    Dex: 15    Spells: 2 memorised, 3 levels left

rFire  . . .     SeeInvis .     a - +0 shortbow
rCold  . . .     Clarity  .     c - +0 robe
rNeg   . . .     SustAt   .     (no shield)
rPois  .         Gourm    .     (no helmet)
rElec  .         Spirit   .     (no cloak)
rCorr  .         Warding  .     (no gloves)
rMut   .         Stasis   .     (no boots)
MR     .....                    (no amulet)
Stlth  +.........               (no ring)
                                (no ring)

@: not resistant to hostile enchantments, very unstealthy
A: no striking features
a: no special abilities


You were on level 2 of the Dungeon.
You were hungry.

You visited 1 branch of the dungeon, and saw 2 of its levels.

You collected 75 gold pieces.

Inventory:

Hand weapons
 a - a +0 shortbow (weapon)
 g - a +0 short sword
 j - a +0 mace
 l - a +0 dagger
 m - a +0 short sword
 y - a +0 whip
Missiles
 b - 17 arrows
 i - 4 poisoned arrows (quivered)
 k - 75 stones
 w - 21 bolts
 z - 13 sling bullets
Armour
 c - a +0 robe (worn)
 r - a +0 scale mail
Jewellery
 s - an uncursed ring of poison resistance {unknown}
Scrolls
 h - 2 scrolls of noise {unknown}
 n - a scroll of enchant armour {unknown}
 p - a scroll of identify {unknown}
 q - a scroll of teleportation {unknown}
 v - a scroll of blinking {unknown}
Potions
 e - a potion of poison {unknown}
 f - a potion of magic {unknown}
 o - a potion of resistance {unknown}
 u - a potion of agility {unknown}
Books
 d - a book of Debilitation

   Spells                             Type                      Level
   a - Corona                         Hexes                        1
   b - Slow                           Hexes                        2
   c - Gell's Gravitas                Hexes/Translocation          3
   d - Inner Flame                    Hexes/Fire                   3
   e - Cause Fear                     Hexes                        4
   f - Leda's Liquefaction            Hexes/Earth                  4
Comestibles
 t - a bread ration
 x - a meat ration


   Skills:
 * Level 1.2 Fighting
 * Level 1.2 Short Blades
 + Level 4.5 Bows
 * Level 2.7 Dodging
 * Level 1.6 Spellcasting
 + Level 3.3 Hexes


You had 3 spell levels left.
You knew the following spells:

 Your Spells              Type           Power        Failure   Level  Hunger
a - Corona                Hex            ##.....      6%          1    ##.....
b - Slow                  Hex            ##......     10%         2    ###....


Dungeon Overview and Level Annotations

Branches:
Dungeon (2/15)

Altars:


Message History

The gnoll hits you from afar with a spear!
* * * LOW HITPOINT WARNING * * *
Your magical contamination has completely faded away.
The gnoll hits you from afar with a spear.
* * * LOW HITPOINT WARNING * * *
Firing (i - inventory. (,) - cycle):
i - 6 poisoned arrows (quivered)
Press: ? - help, Shift-Dir - straight line, f - gnoll
Aim: a gnoll, wielding a spear (heavily wounded)
You shoot a poisoned arrow.
The poisoned arrow hits the gnoll but does no damage.
The gnoll is heavily wounded.
The gnoll misses you.
Firing (i - inventory. (,) - cycle):
i - 5 poisoned arrows (quivered)
Press: ? - help, Shift-Dir - straight line, f/p - gnoll
Aim: a gnoll, wielding a spear (heavily wounded)
You shoot a poisoned arrow.
The poisoned arrow closely misses the gnoll.
The gnoll barely misses you.
The gnoll hits you from afar with a spear!
You die...

#######.##.######.#
#.##.# #.#
#.##.######.#
#########
#.##........#
#...g...#
#.###########
#.#####g# #.###
##.# #.# #...♣♣♣
#.g# #g#####.....♣
#..#
#(g.@....#♣PPP♣
#..#####.###...♣♣
P.P♣ #........#
##.♣♣ .♣♣
#)######## ##♣ ♣ #(
#. (. #. #.


You could see 2 gnolls.

Vanquished Creatures
  2 adders (D:2)
  2 gnolls (D:2)
  2 ball pythons (D:1)
  9 bats
  3 hobgoblins
  4 giant cockroaches
  A giant newt (D:1)
  3 goblins (D:1)
  8 kobolds
  7 rats (D:1)
  2 plants (D:2)
43 creatures vanquished.

Notes
Turn   | Place    | Note
--------------------------------------------------------------
     0 | D:1      | Japsu the High Elf Arcane Marksman began the quest for the Orb.
     0 | D:1      | Reached XP level 1. HP: 13/13 MP: 3/3
   344 | D:1      | Reached XP level 2. HP: 15/18 MP: 4/4
   713 | D:1      | Learned a level 2 spell: Slow
  1517 | D:2      | Reached XP level 3. HP: 23/23 MP: 6/6
  2111 | D:2      | Reached skill level 1 in Short Blades
  2111 | D:2      | Reached skill level 4 in Bows
  2431 | D:2      | Reached XP level 4. HP: 15/28 MP: 1/7
  2452 | D:2      | Slain by a gnoll

Vault maps used:
D:1:      shiori_arrival_maze
D:2:      serial_forest, infiniplex_forest_end_3, infiniplex_forest_pool,
          infiniplex_forest_clump_double, infiniplex_forest_straight_2,
          infiniplex_forest_clump_medium

Action                   |  1- 3 |  4- 6 || total
-------------------------+-------+-------++-------
Melee: Short sword       |   142 |       ||   142
 Fire: Shortbow          |   128 |     4 ||   132
 Cast: Slow              |     2 |       ||     2
  Use: Scroll            |     1 |       ||     1
 Stab: Sleeping          |     1 |       ||     1
  Eat: Bread ration      |     1 |       ||     1
